 Dungeon Crawl Stone Soup version 0.17.1-3-g152610e (webtiles) character file.

72 dohliylev the Sneak (level 4, 0/23 HPs)
             Began as a Vine Stalker Assassin on Jan 9, 2016.
             Succumbed to Crazy Yiuf's poison
             ... on level 2 of the Dungeon on Mar 6, 2016.
             The game lasted 00:09:20 (1116 turns).

dohliylev the Sneak (Vine Stalker Assassin)         Turns: 1116, Time: 00:09:21

Health: 0/23       AC:  3    Str: 14    XL:     4   Next: 26%
Magic:  1/14       EV: 12    Int: 11    God:
Gold:   90         SH:  0    Dex: 16    Spells: 0 memorised, 3 levels left

rFire  . . .     SeeInvis .     a - +2 dagger
rCold  . . .     Clarity  .     c - +0 robe
rNeg   . . .     SustAt   .     (no shield)
rPois  .         Gourm    .     (no helmet)
rElec  .         Spirit   +     d - +0 cloak
rCorr  .         Warding  .     (no gloves)
rMut   .         Stasis   .     (no boots)
MR     .....                    (no amulet)
Stlth  +++.......               (no ring)
                                j - ring of magical power

@: lethally poisoned (0 -> -13), very slightly contaminated, hasted, very quick,
not resistant to hostile enchantments, fairly stealthy
A: fangs 2, regeneration 1, magic shield, antimagic bite, no device heal 3, rot
immunity
a: no special abilities


You were on level 2 of the Dungeon.
You were not hungry.

You visited 1 branch of the dungeon, and saw 2 of its levels.

You collected 90 gold pieces.

Inventory:

Hand Weapons
 a - a +2 dagger (weapon)
 b - a +0 blowgun
Missiles
 e - 8 poisoned needles
 f - 2 curare-tipped needles
Armour
 c - a +0 robe (worn)
 d - a +0 cloak (worn)
 u - a +0 pair of gloves
Jewellery
 j - a ring of magical power (left hand)
Scrolls
 k - 2 scrolls of recharging {unknown}
 m - 2 scrolls of magic mapping {unknown}
 p - a scroll of random uselessness {unknown}
 q - a scroll of identify {unknown}
 r - a scroll of fog {unknown}
 s - a scroll of immolation {unknown}
Potions
 i - 2 potions of curing {unknown}
 l - 2 potions of ambrosia {unknown}
 n - a potion of flight {unknown}
Comestibles
 g - a bread ration
 o - a beef jerky
 t - 3 fruits


   Skills:
 + Level 2.0 Fighting
 + Level 2.4 Short Blades
 + Level 2.0 Throwing
 + Level 1.5 Dodging
 + Level 5.8 Stealth


You had 3 spell levels left.
You didn't know any spells.

Dungeon Overview and Level Annotations

Branches:
Dungeon (2/15)

Altars:
Sif Muna

Annotations:
D:2 Crazy Yiuf


Innate Abilities, Weirdness & Mutations

You have extremely sharp teeth.
Your natural rate of healing is unusually fast.
When hurt, damage is shared between your health and your magic reserves.
Your bite disrupts and absorbs the magic of your enemies.
Potions and wands cannot restore your health.
You are immune to rotting.


Message History

You are very lightly contaminated with residual magic.
You barely miss Crazy Yiuf. You bite Crazy Yiuf, but do no damage.
Crazy Yiuf is lightly wounded.
Crazy Yiuf says, "Crazy?
Crazy!?
PORCUPINE!"
Crazy Yiuf hits you with a quarterstaff of chaos!
You feel your power leaking away.
You hit Crazy Yiuf but do no damage. Your bite misses Crazy Yiuf.
Crazy Yiuf is lightly wounded.
You barely miss Crazy Yiuf.
Crazy Yiuf is lightly wounded.
Crazy Yiuf hits you with a quarterstaff of chaos!
* * * LOW HITPOINT WARNING * * *
You are lethally poisoned!
You hit Crazy Yiuf. Your bite misses Crazy Yiuf.
Crazy Yiuf is moderately wounded.
* * * LOW HITPOINT WARNING * * *
You feel sick.
You hit Crazy Yiuf but do no damage.
Crazy Yiuf is moderately wounded.
You die...

#....#
#....(...#..
##...#
##..........
#...##
#.........#.
##.##
#.........#.
#.##
##.####.#.#.
##.# ### #.....
#.##
#######.....
##.#
#.......##.#
#@#
##..)[......
#g..#
##..........
#...#
#'..........
#..)#
##..........
#####
#'.........)
##..........
### #..........
#.# #..........
#.###..........


You could see Crazy Yiuf.

Vanquished Creatures
  Natasha (D:2)
  An adder (D:2)
  A worm (D:2)
  2 ball pythons (D:1)
  3 giant cockroaches
  4 hobgoblins
  2 jackals (D:1)
  2 quokkas (D:2)
  4 bats
  A giant gecko (D:1)
  4 goblins
  8 kobolds
  3 rats
  5 fungi (D:2)
41 creatures vanquished.

Notes
Turn   | Place    | Note
--------------------------------------------------------------
     0 | D:1      | dohliylev the Vine Stalker Assassin began the quest for the Orb.
     0 | D:1      | Reached XP level 1. HP: 11/11 MP: 2/2
    16 | D:1      | Reached skill level 5 in Stealth
    72 | D:1      | Reached XP level 2. HP: 12/15 MP: 1/3
   121 | D:1      | Reached skill level 1 in Dodging
   483 | D:2      | Reached XP level 3. HP: 16/18 MP: 4/4
   485 | D:2      | Upgraded the game from 0.17.1-1-g73c8601 to 0.17.1-3-g152610e
   842 | D:2      | Noticed Natasha
   872 | D:2      | Killed Natasha
   872 | D:2      | Reached XP level 4. HP: 14/23 MP: 5/5
   962 | D:2      | Found a deep blue altar of Sif Muna.
  1103 | D:2      | Noticed Crazy Yiuf
  1114 | D:2      | HP: 1/23 [Crazy Yiuf/quarterstaff of chaos (10)]
  1116 | D:2      | Succumbed to Crazy Yiuf's poison

Action                   |  1- 3 |  4- 6 || total
-------------------------+-------+-------++-------
Melee: Dagger            |    90 |    70 ||   160
 Fire: Blowgun           |     4 |       ||     4
 Stab: Sleeping          |     7 |       ||     7
  Eat: Chunk             |       |     1 ||     1
